 Dungeon Crawl Stone Soup version 0.25-a0-635-g0c6c292 (webtiles) character file.

Game seed: 2928361247876495835, levelgen mode: deterministic

191 Faels the Magician (level 5, 0/37 HPs)
             Began as a Gnoll Wanderer on Mar 20, 2020.
             Slain by a hound (2 damage)
             ... on level 4 of the Dungeon.
             The game lasted 00:06:56 (2581 turns).

Faels the Magician (Gnoll Wanderer)                 Turns: 2581, Time: 00:06:57

Health: 0/37       AC:  4    Str: 13    XL:     5   Next: 70%
Magic:  12/14      EV: 12    Int: 15    God:
Gold:   170        SH:  0    Dex: 16    Spells: 12/18 levels left

rFire    . . .     SeeInvis .   k - +0 dagger (venom)
rCold    + . .     Gourm    .   (no shield)
rNeg     . . .     Faith    .   w - +0 leather armour {rC+}
rPois    .         Spirit   .   e - +1 hat
rElec    .         Reflect  .   (no cloak)
rCorr    .         Harm     .   (no gloves)
MR       .....                  (no boots)
Stlth    +++.......             (no amulet)
HPRegen  0.12/turn              (no ring)
MPRegen  0.14/turn              (no ring)

@: brilliant, stab, very slightly contaminated
A: distributed training, fangs 1, strong nose
a: no special abilities


You were on level 4 of the Dungeon.
You were not hungry.

You visited 1 branch of the dungeon, and saw 4 of its levels.

You collected 170 gold pieces.

Inventory:

Hand Weapons
 j - a +1 dagger of flaming
 k - a +0 dagger of venom (weapon)
Armour
 d - a +0 robe
 e - a +1 hat (worn)
 h - a +0 leather armour
 w - a +0 leather armour of cold resistance (worn)
Wands
 c - a wand of random effects (15)
 v - a wand of disintegration (17)
Scrolls
 a - 2 scrolls of enchant weapon {unknown}
 i - a scroll of magic mapping {unknown}
 m - a scroll of remove curse {unknown}
 n - a scroll of noise {unknown}
 q - a scroll of enchant armour {unknown}
 r - 2 scrolls of fog {unknown}
 t - a scroll of random uselessness {unknown}
 u - a scroll of teleportation {unknown}
Potions
 b - 2 potions of lignification
 g - a potion of brilliance
 l - a potion of heal wounds
 o - a potion of stabbing
 p - a potion of mutation {unknown}
 x - a potion of curing {unknown}
 z - a potion of degeneration {unknown}
Comestibles
 f - 3 rations
 s - 7 chunks of flesh


   Skills:
 + Level 1.5 Fighting
 + Level 1.5 Short Blades
 + Level 4.8 Long Blades
 + Level 1.5 Axes
 + Level 1.5 Maces & Flails
 + Level 1.5 Polearms
 + Level 1.5 Staves
 + Level 1.5 Slings
 + Level 1.5 Bows
 + Level 1.5 Crossbows
 + Level 1.5 Throwing
 + Level 1.5 Armour
 + Level 1.5 Dodging
 + Level 4.4 Stealth
 + Level 1.5 Shields
 + Level 1.5 Unarmed Combat
 + Level 7.3 Spellcasting
 + Level 1.2 Conjurations
 + Level 1.2 Hexes
 + Level 1.2 Charms
 + Level 1.2 Summonings
 + Level 1.2 Necromancy
 + Level 1.2 Translocations
 + Level 2.4 Transmutations
 + Level 1.2 Fire Magic
 + Level 1.2 Ice Magic
 + Level 2.4 Air Magic
 + Level 1.2 Earth Magic
 + Level 1.2 Poison Magic
 + Level 1.7 Invocations
 + Level 3.0 Evocations


You had 12 spell levels left.
You knew the following spells:

 Your Spells              Type           Power        Failure   Level  Hunger
a - Shock                 Conj/Air       ###.         8%          1    None
b - Swiftness             Chrm/Air       ###.....     12%         2    None
c - Static Discharge      Conj/Air       ###.....     22%         3    None

Your spell library contained the following spells:

 Spells                   Type           Power        Failure   Level  Hunger
 Airstrike                Air            ###.......   52%         4    None
 Lightning Bolt           Conj/Air       ###.......   91%         5    None


Dungeon Overview and Level Annotations

Branches:
Dungeon (4/15)
 Temple: D:4-7

Altars:
Yredelemnul
The Shining One


Innate Abilities, Weirdness & Mutations

Your experience applies equally to all skills.
You have very sharp teeth.
Your uncanny sense of smell can sniff out nearby items.


Message History

You barely miss the adder. The adder bites you.
* * * LOW HITPOINT WARNING * * *
It was a potion of brilliance.
You feel clever all of a sudden. The adder barely misses you.
The ogre misses you. The hound barely misses you.
It was a potion of heal wounds.
You feel much better. The adder closely misses you. The hound bites you.
The ogre hits you with a +0 giant spiked club!!
Ouch! That really hurt!
* * * LOW HITPOINT WARNING * * *
The adder closely misses you.
It was a potion of stabbing.
You feel ready to backstab.
You kill the ogre!
Your Evocations skill increases to level 3!
You have reached level 5!
The hound closely misses you. The adder bites you.
* * * LOW HITPOINT WARNING * * *
The hound bites you.
You die...

................#
........#.....#.#
.#.###..#.....# #
#..#.....#
#..#.....# ∆
#..#<....#
#.!#.....##
#..)Sh.# ####@..#
#...# #.....#
###.#.# .#.# .# #
.#


You could see a hound and an adder.

Vanquished Creatures
  An ogre (D:4)
  Ijyb (D:3)
  Terence (D:2)
  An adder (D:3)
  3 dart slugs
  2 leopard geckos
  3 orcs
  2 ball pythons (D:1)
  3 giant cockroaches
  2 goblins (D:1)
  4 hobgoblins
  5 kobolds
  A quokka (D:4)
  2 frilled lizards (D:3)
  6 rats
37 creatures vanquished.

Notes
Turn   | Place    | Note
-------+----------+-------------------------------------------
     0 | D:1      | Faels the Gnoll Wanderer began the quest for the Orb.
     0 | D:1      | Faels set off with the following items: a +0 dagger, a
                  | potion of lignification, a wand of random effects (15), a
                  | +0 robe, a ration; and the following spell memorised:
                  | Shock; and the following spells available to memorise:
                  | Swiftness, Static Discharge, Airstrike, Lightning Bolt
     0 | D:1      | Reached XP level 1. HP: 13/13 MP: 8/8
   201 | D:1      | Reached XP level 2. HP: 19/19 MP: 10/10
   964 | D:1      | You fall into a shaft and drop 1 floor!
  1174 | D:2      | Reached XP level 3. HP: 25/25 MP: 9/11
  1287 | D:2      | Learned a level 2 spell: Swiftness
  1292 | D:2      | Learned a level 3 spell: Static Discharge
  1719 | D:2      | Found a basalt altar of Yredelemnul.
  1873 | D:2      | Noticed Terence
  1885 | D:2      | Killed Terence
  1885 | D:2      | Reached skill level 1 in Fighting
  1885 | D:2      | Reached skill level 1 in Short Blades
  1885 | D:2      | Reached skill level 1 in Axes
  1885 | D:2      | Reached skill level 1 in Maces & Flails
  1885 | D:2      | Reached skill level 1 in Polearms
  1885 | D:2      | Reached skill level 1 in Staves
  1885 | D:2      | Reached skill level 1 in Slings
  1885 | D:2      | Reached skill level 1 in Bows
  1885 | D:2      | Reached skill level 1 in Crossbows
  1885 | D:2      | Reached skill level 1 in Throwing
  1885 | D:2      | Reached skill level 1 in Armour
  1885 | D:2      | Reached skill level 1 in Dodging
  1885 | D:2      | Reached skill level 1 in Shields
  1885 | D:2      | Reached skill level 1 in Unarmed Combat
  1885 | D:2      | Reached skill level 1 in Invocations
  2019 | D:3      | Noticed Ijyb
  2028 | D:3      | Killed Ijyb
  2028 | D:3      | Reached XP level 4. HP: 22/32 MP: 13/13
  2140 | D:3      | Found a glowing golden altar of the Shining One.
  2393 | D:3      | Reached skill level 1 in Conjurations
  2393 | D:3      | Reached skill level 1 in Hexes
  2393 | D:3      | Reached skill level 1 in Charms
  2393 | D:3      | Reached skill level 1 in Summonings
  2393 | D:3      | Reached skill level 1 in Necromancy
  2393 | D:3      | Reached skill level 1 in Translocations
  2393 | D:3      | Reached skill level 1 in Fire Magic
  2393 | D:3      | Reached skill level 1 in Ice Magic
  2393 | D:3      | Reached skill level 1 in Earth Magic
  2393 | D:3      | Reached skill level 1 in Poison Magic
  2557 | D:4      | Noticed an ogre
  2581 | D:4      | Killed an ogre
  2581 | D:4      | Reached XP level 5. HP: 6/37 MP: 12/14
  2581 | D:4      | Slain by a hound

Levels and vault maps discovered:
D:1:      eino_arrival_cavern_e, layout_basic
D:2:      layout_loops_corners, lemuel_coloured_pillars_altar, first_ration,
          uniq_terence
D:3:      layout_rooms, overflow_temple_1_default, uniq_ijyb
D:4:      layout_basic, ashenzari_conservatory_becter, nemelex_altar_shiori,
          uniq_natasha, uniq_duvessa

Skill      XL: |  1  2  3  4 |
---------------+-------------+-----
Transmutations | 2 |  2.4
Air Magic      | 2 |  2.4
Fighting       | 1 |  1.5
Short Blades   | 1 |  1.5
Axes           | 1 |  1.5
Maces & Flails | 1 |  1.5
Polearms       | 1 |  1.5
Staves         | 1 |  1.5
Slings         | 1 |  1.5
Bows           | 1 |  1.5
Crossbows      | 1 |  1.5
Throwing       | 1 |  1.5
Armour         | 1 |  1.5
Dodging        | 1 |  1.5
Shields        | 1 |  1.5
Unarmed Combat | 1 |  1.5
Invocations    | 1 |  1.7
Conjurations   | 1 |  1.2
Hexes          | 1 |  1.2
Charms         | 1 |  1.2
Summonings     | 1 |  1.2
Necromancy     | 1 |  1.2
Translocations | 1 |  1.2
Fire Magic     | 1 |  1.2
Ice Magic      | 1 |  1.2
Earth Magic    | 1 |  1.2
Poison Magic   | 1 |  1.2
Evocations     | 3 |  3.0
Long Blades    | |  4.8
Stealth        | |  4.4
Spellcasting   | |  7.3

Action                   |  1- 3 |  4- 6 || total
-------------------------+-------+-------++-------
Melee: Dagger            |    49 |    40 ||    89
       Bite              |     4 |     6 ||    10
 Cast: Shock             |    16 |     2 ||    18
  Use: Potion            |       |     3 ||     3
 Stab: Sleeping          |     5 |     5 ||    10
  Eat: Chunk             |     3 |     2 ||     5
Armor: Leather armour    |     7 |     9 ||    16
       Robe              |     1 |       ||     1
Dodge: Dodged            |    23 |    23 ||    46

Table legend:
 A = Non-vault XP
 B = Vault XP
 C = Vault XP percentage of total XP
 D = Non-vault monster count
 E = Vault monster count
 F = Vault count percentage of total count
                 A         B        C        D         E       F
            +---------+---------+-------+---------+---------+-------
      Total |     202 |      72 |  26.3 |      35 |       2 |   5.4
            +---------+---------+-------+---------+---------+-------
        D:1 |      33 |       0 |   0.0 |      17 |       0 |   0.0
        D:2 |      12 |      36 |  75.0 |       5 |       1 |  16.7
        D:3 |      31 |      36 |  53.7 |      10 |       1 |   9.1
        D:4 |     126 |       0 |   0.0 |       3 |       0 |   0.0
            +---------+---------+-------+---------+---------+-------
